 Dungeon Crawl Stone Soup version 0.26-a0-612-gd4d190f45e (webtiles) character file.

Game seed: 17995071862132130596

47739 MrRokkomies the Destroyer (level 13, -9/99 HPs)
             Began as a Demigod Conjurer on Sept 10, 2020.
             Splashed by an oklob plant's acid (11 damage)
             ... on level 6 of the Lair of Beasts.
             The game lasted 00:55:10 (24840 turns).

MrRokkomies the Destroyer (Demigod Conjurer)       Turns: 24840, Time: 00:55:10

Health: -9/99      AC:  0    Str: 10    XL:     13   Next: 73%
Magic:  7/25       EV: 36    Int: 36    God:
Gold:   965        SH: 12    Dex: 14    Spells: 4/23 levels left

rFire    + + .     SeeInvis .   a - +1 demon whip (flame)
rCold    + + .     Faith    .   s - +2 shield of Resistance {rF++ rC++ MR++}
rNeg     . . .     Spirit   .   v - +2 robe {Archmagi}
rPois    .         Reflect  .   u - +0 helmet
rElec    .         Harm     .   E - +0 cloak
rCorr    .                      h - +2 pair of gloves
MR       +++..                  Y - +2 pair of boots {rampage}
Stlth    ++........             t - amulet of the acrobat
HPRegen  0.26/turn              L - +6 ring of intelligence
MPRegen  0.19/turn              z - ring "Poleqeeq" {EV+4 Slay+3}

@: corroded, acrobat
A: frail 1, high mp 1
a: no special abilities


You were on level 6 of the Lair of Beasts.
You visited 2 branches of the dungeon, and saw 16 of its levels.
You also visited: Volcano.

You collected 1310 gold pieces.
You spent 345 gold pieces at shops.

Inventory:

Hand Weapons
 a - a +1 demon whip of flaming (weapon)
Missiles
 P - 11 poisoned darts (quivered)
Armour
 h - a +2 pair of gloves (worn)
 i - a +2 robe of fire resistance
 s - the +2 shield of Resistance (worn) {rF++ rC++ MR++}
   (You found it on level 1 of the Lair of Beasts)

   It greatly protects you from fire.
   It greatly protects you from cold.
   It affects your resistance to hostile enchantments.
 u - a +0 helmet (worn)
 v - a +2 robe of the Archmagi (worn)
 E - a +0 cloak (worn)
 Y - a +2 pair of boots of rampaging (worn)
Magical Staves
 b - an uncursed staff of conjuration
Jewellery
 t - an amulet of the acrobat (around neck)
 y - an uncursed ring of resist corrosion
 z - the ring "Poleqeeq" (right hand) {EV+4 Slay+3}
   (You found it on level 1 of the Lair of Beasts)

   [ring of evasion]

   It affects your evasion (+4).
   It affects your accuracy and damage with ranged weapons and melee attacks
   (+3).
 L - a +6 ring of intelligence (left hand)
 N - an uncursed ring of positive energy
Wands
 m - a wand of polymorph (16)
 w - a wand of iceblast (6)
 D - a wand of digging (11)
 G - a wand of flame (29)
 I - a wand of acid (9)
 Q - a wand of paralysis (8)
 Z - a wand of disintegration (9)
Scrolls
 d - 13 scrolls of remove curse
 e - 2 scrolls of magic mapping
 j - 2 scrolls of fog
 k - 6 scrolls of teleportation
 q - 4 scrolls of immolation
 x - 3 scrolls of enchant armour
 H - 2 scrolls of blinking
 J - 6 scrolls of identify
 O - 3 scrolls of amnesia
 W - 2 scrolls of fear
 X - a scroll of silence
Potions
 c - 5 potions of flight
 f - 3 potions of stabbing
 g - 3 potions of might
 l - 5 potions of brilliance
 n - a potion of magic
 o - 2 potions of ambrosia
 r - a potion of cancellation
 A - a potion of resistance
 C - 6 potions of curing
 F - a potion of lignification
 R - a potion of haste
 S - 2 potions of heal wounds
 V - a potion of berserk rage
Miscellaneous
 p - a lightning rod (4/4)
 B - a box of beasts (3/3)
 K - a phial of floods
 T - a condenser vane (1/2)


   Skills:
 + Level 9.3 Fighting
 * Level 8.8 Maces & Flails
 - Level 10.0 Dodging
 - Level 1.7 Stealth
 * Level 9.1 Shields
 + Level 5.5 Spellcasting
 - Level 12.0 Conjurations
 - Level 5.0 Translocations


You had 4 spell levels left.
You knew the following spells:

 Your Spells              Type           Power        Failure   Level
a - Magic Dart            Conj           ####         1%          1
b - Searing Ray           Conj           ######       1%          2
c - Dazzling Flash        Conj/Hex       ######       1%          3
d - Iskenderun's Mystic   Conj/Tloc      #######.     2%          4
e - Fulminant Prism       Conj/Hex       ######....   7%          4
f - Lee's Rapid Deconstr  Erth           ##........   91%         5

Your spell library contained the following spells:

 Spells                   Type           Power        Failure   Level
 Stone Arrow              Conj/Erth      ######       1%          3
 Beastly Appendage        Tmut           ##....       8%          1
 Sandblast                Erth           ##....       8%          1
 Sting                    Tmut/Pois      ##..         8%          1
 Corpse Rot               Necr/Air       N/A          12%         2
 Passwall                 Tmut/Erth      ##......     12%         2
 Wereblood                Tmut           ##......     12%         2
 Spider Form              Tmut/Pois      ##........   24%         3
 Ice Form                 Ice/Tmut       ##......     61%         4
 Petrify                  Tmut/Erth      ##......     61%         4
 Iskenderun's Battlesphe  Conj           #######.     1%          5
 Bolt of Magma            Conj/Fire/Erth ######....   38%         5
 Orb of Destruction       Conj           #######...   43%         7
 Iron Shot                Conj/Erth      ######....   71%         6
 Alistair's Intoxication  Tmut/Pois      ##.......    91%         5
 Blade Hands              Tmut           ##........   91%         5
 Silence                  Hex/Air        ##........   91%         5
 Spellforged Servitor     Conj/Summ      ######....   99%         7


Dungeon Overview and Level Annotations

Branches:
Dungeon (10/15)            Temple (0/1) D:6            Lair (6/6) D:8
 Shoals (0/4) Lair:3        Snake (0/4) Lair:3        Slime (0/5) Lair:6
    Orc (0/2) D:10        Volcano (visited)

Shops:
D:7 (

Portals:
Hell: Lair:6

Annotations:
D:4 2 transporters
Lair:6 exclusion: 2 oklob plants


Innate Abilities, Weirdness & Mutations

You have an increased reservoir of magic. (+10% MP)
You are frail. (-10% HP)


Message History

The splash of acid hits your fulminant prism!
Your fulminant prism is splashed with acid!
Your fulminant prism detonates feebly.
Unknown command.
Casting: Fulminant Prism (dangerous; 7% risk of failure)
Confirm with . or Enter, or press ? or * to list all spells.
Aiming: Fulminant Prism (dangerous; 7% risk of failure)
Press: ? - help, Dir - move target cursor You feel a surge of power!
You conjure a prism of explosive energy!
A fulminant prism comes into view.
The oklob plant spits acid at you. The splash of acid hits you!
You are splashed with acid!
* * * LOW HITPOINT WARNING * * *
Your fulminant prism crackles loudly.
The oklob plant spits acid at you. The splash of acid hits you!
* * * LOW HITPOINT WARNING * * *
The acid corrodes you!
You are splashed with acid!
You die...

#PP..........#....#..####
##...
#.................#.+.#.#
#...
..................<....##
##..
............[..........##
#..
......(.................###
#.<
.....!PPP.................#
#..
.....P.P.................##
##.
....P.<...P....##..)...###
##
....P?.$.$P....#@.......#
....P.P.P.P.....#.......# #
....P..P........#......P# #
............*.....P#..### #
..............P######...#
............... #...#
..............# ##..##
.............# #.#..#
.......... #.####


You could see an oklob plant and a friendly fulminant prism.

Vanquished Creatures
  A dire elephant (Lair:6)
  3 hydras
  A two-headed ogre (D:7)
  5 death yaks (Lair:5)
  A hell hog (Volcano)
  A sun demon (Lair:6)
  A fire crab (Volcano)
  Nergalle (D:10)
  A wizard (Lair:6)
  5 oklob plants
  5 elephants
  Maurice (D:8)
  3 merfolk sirens (Lair:3)
  4 black mambas
  2 molten gargoyles (Volcano)
  5 torpor snails (Lair:5)
  An orange demon (Lair:6)
  A gargoyle (D:10)
  12 cane toads
  7 komodo dragons
  4 rime drakes
  Maggie (D:8)
  A hellwing (Lair:6)
  2 ice devils (Lair:6)
  2 red devils (Lair:6)
  3 trolls
  A merfolk (Lair:3)
  A hornet (D:8)
  13 dream sheep
  5 hippogriffs
  17 blink frogs
  22 yaks
  A wraith (D:10)
  6 fire bats (Volcano)
  3 wyverns
  2 steam dragons (Volcano)
  4 basilisks
  4 nagas (Lair:3)
  2 wargs (D:10)
  2 swamp worms (Lair:1)
  6 hell hounds
  6 porcupines
  A floating eye (Lair:6)
  15 water moccasins
  3 orc warriors
  4 sky beasts
  3 ice beasts
  A hornet zombie (D:7)
  A phantom (D:6)
  6 centaurs
  9 crocodiles
  A big kobold (D:8)
  8 bullfrogs
  A wyvern skeleton (D:8)
  3 scorpions
  9 wights
  3 killer bees (D:7)
  An electric eel (Lair:1)
  7 howler monkeys
  4 lava snakes (Volcano)
  A quasit (D:9)
  A hound (D:9)
  8 orc priests
  2 iguanas
  5 jellies
  A centaur skeleton (D:8)
  Natasha (thrice) (D:4)
  6 orc wizards
  6 worker ants
  7 hell rats (Lair:6)
  2 howler monkey zombies
  3 gnolls (D:3)
  A howler monkey skeleton (D:4)
  A worker ant zombie (D:8)
  2 river rats (D:3)
  14 adders
  2 shadow imps
  4 white imps
  3 ufetubi
  7 oozes
  4 adder skeletons
  A dart slug (D:4)
  4 leopard geckos
  40 orcs
  3 giant cockroaches
  2 goblins
  5 hobgoblins
  4 jackals (D:6)
  12 kobolds
  8 quokkas
  4 ball pythons
  2 bats (D:2)
  6 frilled lizards
  6 hobgoblin zombies (D:6)
  3 kobold zombies (D:6)
  A leopard gecko zombie (D:3)
  An orc skeleton (D:6)
  An orc zombie (D:6)
  A quokka skeleton (D:8)
  11 rats
  A fulminant prism (Lair:6)
  A plant (Lair:1)
449 creatures vanquished.

Vanquished Creatures (others)
  A cane toad (Lair:6)
  41 fulminant prisms
  30 fungi
  50 plants
122 creatures vanquished.

Grand Total: 571 creatures vanquished

Notes
Turn   | Place    | Note
-------+----------+-------------------------------------------
     0 | D:1      | MrRokkomies the Demigod Conjurer began the quest for the
                  | Orb.
     0 | D:1      | Reached XP level 1. HP: 14/14 MP: 5/5
   453 | D:1      | Reached XP level 2. HP: 9/22 MP: 5/7
  1265 | D:2      | Learned a level 2 spell: Searing Ray
  1845 | D:2      | Reached skill level 4 in Conjurations
  1845 | D:2      | Reached XP level 3. HP: 27/27 MP: 5/8
  2073 | D:2      | Found a shadowy altar of Dithmenos.
  2105 | D:3      | Reached skill level 1 in Fighting
  2190 | D:3      | Reached XP level 4. HP: 35/35 MP: 2/10
  2284 | D:3      | Found a hide-covered altar of Uskayaw.
  2284 | D:3      | Found a snail-covered altar of Cheibriados.
  2717 | D:3      | Reached XP level 5. HP: 20/40 MP: 3/11
  2892 | D:3      | Found a shimmering altar of Xom.
  3802 | D:4      | Noticed Natasha
  3811 | D:4      | Killed Natasha
  3824 | D:4      | Reached XP level 6. HP: 37/48 MP: 4/13
  3825 | D:4      | Noticed Natasha
  3908 | D:4      | Killed Natasha
  3908 | D:4      | Reached skill level 5 in Conjurations
  4012 | D:4      | Noticed Natasha
  4017 | D:4      | Killed Natasha
  4305 | D:4      | Found a transporter.
  4333 | D:4      | Found a basalt altar of Yredelemnul.
  4334 | D:4      | Noticed a two-headed ogre
  4343 | D:4      | Found a transporter.
  4409 | D:4      | Learned a level 3 spell: Dazzling Flash
  4414 | D:4      | Learned a level 4 spell: Iskenderun's Mystic Blast
  4431 | D:5      | Entered Level 5 of the Dungeon
  4554 | D:5      | Found a shimmering blue altar of Sif Muna.
  4690 | D:5      | Reached XP level 7. HP: 56/56 MP: 5/14
  5271 | D:5      | Reached skill level 5 in Dodging
  5509 | D:6      | Reached skill level 6 in Conjurations
  5658 | D:6      | Reached XP level 8. HP: 46/63 MP: 12/16
  5885 | D:6      | Found a staircase to the Ecumenical Temple.
  5958 | D:6      | Found a glowing golden altar of the Shining One.
  6197 | D:6      | Reached skill level 7 in Conjurations
  6605 | D:7      | Noticed a two-headed ogre
  6765 | D:7      | Found Rant's Antique Weapon Emporium.
  6768 | D:7      | Bought a polished great sword for 345 gold pieces
  6768 | D:7      | Identified the cursed +2 great sword of Insomnia {venom,
                  | *Contam +Fly rPois Int-4} (You bought it in a shop on level
                  | 7 of the Dungeon)
  7133 | D:7      | Reached XP level 9. HP: 47/71 MP: 19/19
  7470 | D:7      | Killed a two-headed ogre
  7470 | D:7      | Reached skill level 8 in Conjurations
  7806 | D:8      | Learned a level 4 spell: Fulminant Prism
  7809 | D:8      | Found a staircase to the Lair.
  8031 | D:8      | Noticed a deep elf mage
  8068 | D:8      | Reached skill level 5 in Spellcasting
  8101 | D:8      | Reached skill level 1 in Translocations
  8182 | D:8      | Reached skill level 5 in Fighting
  8518 | D:8      | Identified the Almanac of Aerial Venom
  8539 | D:8      | Noticed Maurice
  8555 | D:8      | Killed Maurice
  8616 | D:8      | Noticed Maggie
  8625 | D:8      | Killed Maggie
  8625 | D:8      | Reached XP level 10. HP: 61/81 MP: 9/21
  8765 | D:8      | Found an opulent altar of Gozag.
  9423 | D:9      | Reached skill level 9 in Conjurations
 10106 | D:9      | Found a sparkling altar of Nemelex Xobeh.
 10512 | D:10     | Entered Level 10 of the Dungeon
 10723 | D:10     | Found a staircase to the Orcish Mines.
 11138 | D:10     | Noticed Nergalle
 11158 | D:10     | Killed Nergalle
 11565 | Lair:1   | Entered Level 1 of the Lair of Beasts
 11586 | Lair:1   | Found a dark tunnel.
 11591 | Volcano  | Entered a volcano
 12088 | Volcano  | Learned a level 5 spell: Lee's Rapid Deconstruction
 12088 | Volcano  | Found a radiant altar of Vehumet.
 12088 | Volcano  | Noticed a hell hog
 12092 | Volcano  | Reached skill level 10 in Conjurations
 12097 | Volcano  | Killed a hell hog
 12097 | Volcano  | Reached XP level 11. HP: 51/91 MP: 2/22
 12678 | Volcano  | Noticed a fire crab
 12689 | Volcano  | Killed a fire crab
 13397 | Lair:1   | Found the +2 shield of Resistance {rF++ rC++ MR++}
 13427 | Lair:1   | Gained mutation: You are frail. (-10% HP) [mutagenic glow]
 13590 | Lair:1   | Reached skill level 10 in Dodging
 13769 | Lair:1   | Reached skill level 1 in Shields
 13898 | Lair:1   | Found a shadowy altar of Dithmenos.
 14180 | Lair:1   | Reached skill level 1 in Maces & Flails
 15098 | Lair:1   | Reached skill level 5 in Translocations
 15193 | Lair:1   | Got a scorched bronze ring
 15195 | Lair:1   | Identified the ring "Poleqeeq" {EV+4 Slay+3} (You found it
                  | on level 1 of the Lair of Beasts)
 15610 | Lair:2   | Reached skill level 11 in Conjurations
 17007 | Lair:3   | Reached XP level 12. HP: 90/90 MP: 14/23
 17077 | Lair:3   | Found a staircase to the Shoals.
 17302 | Lair:3   | Found a staircase to the Snake Pit.
 17321 | Lair:3   | Noticed a five-headed hydra
 17580 | Lair:3   | Reached skill level 5 in Shields
 17774 | Lair:3   | Killed a five-headed hydra
 18366 | Lair:4   | Reached skill level 5 in Maces & Flails
 19491 | Lair:5   | Identified a scroll of acquirement
 19491 | Lair:5   | Acquired a +2 pair of boots of rampaging
 19921 | Lair:5   | Found a snail-covered altar of Cheibriados.
 21149 | Lair:6   | Entered Level 6 of the Lair of Beasts
 21519 | Lair:6   | Noticed a six-headed hydra
 21717 | Lair:6   | Noticed an eight-headed hydra
 21724 | Lair:6   | Reached XP level 13. HP: 97/97 MP: 15/24
 22401 | Lair:6   | Found a staircase to the Slime Pits.
 22971 | Lair:6   | Reached skill level 12 in Conjurations
 23823 | Lair:6   | Noticed a dire elephant
 23842 | Lair:6   | Killed a dire elephant
 24243 | Lair:6   | Found a burning altar of Makhleb.
 24496 | Lair:6   | Found a gateway to Hell.
 24497 | Lair:6   | Found the +3 robe of Folly {Archmagi, MR-- Int+5}
 24840 | Lair:6   | HP: 2/99 [oklob plant/splash of acid (13)]
 24840 | Lair:6   | Splashed by an oklob plant's acid

Illustrated notes

Levels and vault maps discovered:
D:1:      lightli_arrival_flooded_house, layout_basic
D:2:      layout_loops_cross, lemuel_coloured_pillars_altar
D:3:      layout_basic, lemuel_round_altar, gammafunk_temple_overflow_wave,
          portal_sewer_entry_e
D:4:      layout_rooms, gammafunk_temple_overflow_arena, uniq_natasha
D:5:      layout_loops_ring, led_sif_pool
D:6:      layout_basic, minmay_temple_entry_proselytizer,
          nicolae_tso_besieged_by_evil
D:7:      layout_gridville, serial_shops, kennysheep_mini_moat
D:8:      minmay_the_grid_square_5x5_3x3
          [minmay_the_grid_square_5x5_pentomino_r,
          minmay_the_grid_square_5x5_checkered,
          minmay_the_grid_square_5x5_hourglass,
          minmay_the_grid_square_5x5_half_checkered,
          minmay_the_grid_square_5x5_megaprize_diamond,
          minmay_the_grid_square_5x5_intrusive_squares,
          minmay_the_grid_square_5x5_dogpile,
          minmay_the_grid_square_5x5_fancy_junction,
          minmay_the_grid_square_5x5_trominoes], layout_basic, lair_entry_dummy,
          grunt_gozag_breadcrumbs, uniq_maggie, uniq_maurice
D:9:      nicolae_whirlpool, layout_stronghold, nicolae_overflow_crystal_walls
D:10:     layout_rooms, minmay_orc_entry_guard_dogs, uniq_nergalle
Lair:1:   layout_regular_city, enter_volcano_4, basic_altar,
          nicolae_quartered_pool_super, worms_lemuel, grunt_megastairs_3,
          minmay_lair_oklob_chamber
Lair:2:   layout_hall_layers, hibernation_bobbens
Lair:3:   layout_concentric_octagons, elwin_shoals_entry_stream,
          minmay_snake_entry_guardpost_small, lemuel_fruit_fields
Lair:4:   layout_misc_corridors, lemuel_fruit_fields
Lair:5:   layout_roguey, kennysheep_snail_temple
Lair:6:   evil_forest, layout_cave_pods, nicolae_slime_entry_slimehenge,
          disabler_island, grunt_megastairs_4

Skill      XL: |  1  2  3  4  5  6  7  8  9 10 11 12 13 |
---------------+----------------------------------------+-----
Dodging        | 2 3 4 5 6 8 9 10 | 10.0
Spellcasting   | 2 3 4 5 |  5.5
Conjurations   | 4 5 6 7 8 10 11 12 | 12.0
Fighting       | 1 2 3 4 5 6 7 8 9 |  9.3
Translocations | 2 4 5 |  5.0
Shields        | 4 7 9 |  9.1
Maces & Flails | 3 6 8 |  8.8
Stealth        | |  1.7

Action                   |  1- 3 |  4- 6 |  7- 9 | 10-12 | 13-15 || total
-------------------------+-------+-------+-------+-------+-------++-------
Melee: Dagger            |    13 |       |       |       |       ||    13
       Mace              |    21 |    25 |       |       |       ||    46
       Long sword        |       |    33 |    18 |       |       ||    51
       Trident           |       |       |    39 |       |       ||    39
       Great sword       |       |       |    85 |   100 |       ||   185
       Demon whip        |       |       |       |   164 |   162 ||   326
Throw: Throwing net      |       |       |       |     1 |       ||     1
       Dart              |       |       |       |       |     4 ||     4
 Cast: Magic Dart        |    48 |    26 |    60 |   115 |    10 ||   259
       Searing Ray       |     3 |    19 |    33 |    93 |    15 ||   163
       Iskenderun's Myst |       |       |     2 |    26 |    13 ||    41
       Fulminant Prism   |       |       |       |    21 |    22 ||    43
       Dazzling Flash    |       |       |       |       |     2 ||     2
Evoke: Wand              |       |       |       |     1 |     2 ||     3
       Condenser vane    |       |       |       |       |     1 ||     1
  Use: Scroll            |     6 |     4 |    10 |    15 |       ||    35
       Potion            |       |       |       |     2 |     1 ||     3
 Stab: Sleeping          |     1 |     3 |     2 |     3 |     1 ||    10
       Held in net/web   |       |       |       |     1 |       ||     1
Armor: Robe              |     5 |    20 |    50 |    95 |    18 ||   188
Dodge: Dodged            |    38 |    68 |   185 |   382 |   131 ||   804
Block: Kite shield       |       |       |       |   117 |   105 ||   222
       Rpst.: Long sword |       |    12 |     6 |       |       ||    18
       Great sword       |       |       |    31 |    45 |       ||    76

Table legend: (Time is in decaauts)
 A = Elapsed time spent in this place.
 B = Non-inter-level travel time spent in this place.
 C = Inter-level travel time spent in this place.
 D = Time resting spent in this place.
 E = Time spent auto-exploring this place.
 F = Levels seen in this place.
 G = Mean time per level.
                   A        B        C        D        E       F      G
               +--------+--------+--------+--------+--------+-----+--------+
         Total |  25065 |  24183 |    882 |   2586 |  17935 |  17 | 1474.4 |
       Dungeon |  11769 |  11373 |    396 |    162 |   9468 |  10 | 1176.9 |
          Lair |  11608 |  11122 |    486 |   1391 |   8180 |   6 | 1934.7 |
       Volcano |   1687 |   1687 |      0 |   1033 |    287 |   1 | 1687.0 |
               +--------+--------+--------+--------+--------+-----+--------+

Top non-repeatable levels by time:
  Lair:5: 2994 daAuts
  Lair:6: 2429 daAuts
  Lair:1: 2036 daAuts
 Volcano: 1687 daAuts
     D:8: 1635 daAuts
  Lair:2: 1596 daAuts
     D:3: 1547 daAuts
  Lair:3: 1500 daAuts
     D:7: 1429 daAuts
     D:9: 1205 daAuts
     D:1: 1115 daAuts
     D:6: 1071 daAuts
  Lair:4: 1051 daAuts
    D:10: 1044 daAuts
     D:2: 991 daAuts
